 Dungeon Crawl Stone Soup version 0.20.1-1-g8b1a95d (webtiles) character file.

5636 polve the Severer (level 10, -10/91 HPs)
             Began as a Hill Orc Berserker on July 14, 2017.
             Was a Priest of Trog.
             Mangled by an orc knight
             ... wielding a +0 halberd
              (36 damage)
             ... in a bailey.
             The game lasted 00:11:33 (9911 turns).

polve the Severer (Hill Orc Berserker)              Turns: 9911, Time: 00:11:34

Health: -10/91     AC: 15    Str: 21    XL:     10   Next: 74%
Magic:  10/10      EV:  7    Int:  7    God:    Trog [***...]
Gold:   387        SH:  0    Dex: 13    Spells: 9/9 levels left

rFire    . . .     SeeInvis .   j - +2 battleaxe (elec)
rCold    . . .     Gourm    .   (shield currently unavailable)
rNeg     . . .     Faith    .   A - +0 plate armour
rPois    .         Spirit   .   (no helmet)
rElec    .         Reflect  .   (no cloak)
rCorr    +         Harm     .   k - +0 pair of gloves
MR       ++...                  (no boots)
Stlth    ..........             (no amulet)
Regen    1.3/turn               e - ring of resist corrosion
MPRegen  0.2/turn               (no ring)

@: berserk cooldown, regenerating, slowed, drained, very slow
A: no striking features
a: Berserk, Trog's Hand, Burn Spellbooks, Renounce Religion


You were in a bailey.
You worshipped Trog.
Trog was most pleased with you.
You were very hungry.

You visited 1 branch of the dungeon, and saw 7 of its levels.
You also visited: Bailey.

You collected 387 gold pieces.

Inventory:

Hand Weapons
 j - a +2 battleaxe of electrocution (weapon)
Armour
 k - a +0 pair of gloves (worn)
 A - a +0 plate armour (worn)
Jewellery
 e - a ring of resist corrosion (left hand)
Wands
 n - a wand of lightning (1/15)
Scrolls
 b - 3 scrolls of enchant armour {unknown}
 d - a scroll of immolation {unknown}
 f - 3 scrolls of teleportation {unknown}
 g - a scroll of blinking {unknown}
 h - 5 scrolls of remove curse
 i - a scroll of amnesia {unknown}
 m - 2 scrolls of enchant weapon {unknown}
 o - 7 scrolls of identify {unknown}
 p - 6 scrolls of magic mapping {unknown}
 q - 3 scrolls of vulnerability {unknown}
 t - a scroll of fear {unknown}
 u - a scroll of torment {unknown}
 x - a scroll of noise {unknown}
 y - a scroll of acquirement {unknown}
 C - a scroll of summoning
Potions
 r - a potion of flight {unknown}
 s - 3 potions of haste
 v - 2 potions of might {unknown}
 z - 2 potions of heal wounds {unknown}
 B - 3 potions of curing
Comestibles
 a - 2 chunks of flesh
 c - 4 bread rations
 l - a fruit
 w - 2 meat rations


   Skills:
 + Level 9.5(9.0) Fighting
 + Level 17.0(16.4) Axes
 + Level 8.5(8.0) Armour
 - Level 1.5(1.1) Dodging


You had 9 spell levels left.
You didn't know any spells.

Dungeon Overview and Level Annotations

Branches:
Dungeon (7/15)
 Temple: D:4-7

Altars:
Elyvilon
The Shining One

Annotations:
D:6 1 runed door


Message History

* * * LOW HITPOINT WARNING * * *
Found a scroll labeled SIZUEBRILLE.
You slash the orc knight!
The orc knight is moderately wounded.
The orc knight hits you from afar with a trident!
* * * LOW HITPOINT WARNING * * *
You slice the orc knight!!
The orc knight is heavily wounded.
The orc knight hits you with a halberd.
* * * LOW HITPOINT WARNING * * *
You slash the orc knight!
The orc knight is severely wounded.
You are no longer berserk.
You are exhausted.
You feel yourself slow down.
The orc knight hits you but does no damage.
You slash the orc knight!
The orc knight is almost dead.
The orc knight hits you with a halberd!!!
You die...

######### #######
........###.....########
.........'.......#.....#
?........'.......'.....'
......o@.).......'.....'
.........).......'.....'
.....o...'.......#.....#
........###.....########
######### #######


You could see 2 orc knights.

Vanquished Creatures
  3 orc knights (Bailey)
  Menkaure (D:7)
  A water moccasin (D:6)
  8 orc warriors
  A black bear (D:6)
  A phantom (D:4)
  An ogre (D:5)
  A centaur (D:6)
  A bullfrog (D:7)
  A scorpion (D:6)
  6 killer bees (D:7)
  5 wights (D:6)
  2 howler monkeys (D:4)
  A crimson imp (D:6)
  A bullfrog zombie (D:5)
  4 orc priests
  2 bullfrog skeletons
  4 hounds
  6 orc wizards
  Ijyb (D:3)
  Natasha (thrice) (D:3)
  6 worker ants
  A worker ant zombie (D:7)
  8 adders
  A shadow imp (D:6)
  2 oozes
  4 worms
  3 dart slugs
  7 leopard geckos
  50 orcs
  3 giant cockroaches
  22 goblins
  11 hobgoblins
  10 jackals
  3 quokkas
  4 bats
  2 frilled lizards (D:2)
  6 kobolds
  A quokka skeleton (D:6)
  8 rats
206 creatures vanquished.

Vanquished Creatures (collateral kills)
  2 orc warriors (Bailey)
2 creatures vanquished.

Grand Total: 208 creatures vanquished

Notes
Turn   | Place    | Note
-------+----------+-------------------------------------------
     0 | D:1      | polve the Hill Orc Berserker began the quest for the Orb.
     0 | D:1      | Reached XP level 1. HP: 19/19 MP: 1/1
   416 | D:1      | Reached XP level 2. HP: 24/26 MP: 2/2
   490 | D:1      | Reached skill level 5 in Axes
  1385 | D:1      | Reached XP level 3. HP: 26/31 MP: 3/3
  2066 | D:2      | Reached skill level 6 in Axes
  2206 | D:2      | Reached XP level 4. HP: 39/39 MP: 4/4
  2344 | D:2      | Reached ** piety under Trog
  3024 | D:3      | Noticed Natasha
  3025 | D:3      | Noticed Ijyb
  3029 | D:3      | Killed Natasha
  3029 | D:3      | Reached skill level 7 in Axes
  3029 | D:3      | Reached XP level 5. HP: 44/45 MP: 5/5
  3039 | D:3      | Killed Ijyb
  3291 | D:3      | Noticed Natasha
  3299 | D:3      | Killed Natasha
  3299 | D:3      | Reached skill level 8 in Axes
  3449 | D:3      | Noticed Natasha
  3455 | D:3      | Killed Natasha
  4131 | D:3      | Reached *** piety under Trog
  4240 | D:4      | Reached XP level 6. HP: 35/51 MP: 6/6
  4511 | D:4      | Noticed a phantom
  4552 | D:4      | Killed a phantom
  4552 | D:4      | Reached skill level 9 in Axes
  4809 | D:4      | Reached skill level 10 in Axes
  4809 | D:4      | Reached XP level 7. HP: 33/57 MP: 7/7
  5819 | D:5      | Entered Level 5 of the Dungeon
  6051 | D:5      | Found a glowing golden altar of the Shining One.
  6134 | D:5      | Reached skill level 11 in Axes
  6574 | D:5      | Reached skill level 12 in Axes
  6574 | D:5      | Reached XP level 8. HP: 36/64 MP: 8/8
  7262 | D:6      | Found a white marble altar of Elyvilon.
  7262 | D:6      | Noticed an angel
  7365 | D:6      | Reached skill level 13 in Axes
  7366 | D:6      | Reached skill level 16 in Axes
  7366 | D:6      | Reached XP level 9. HP: 11/81 MP: 9/9
  7696 | D:6      | Found a runed door.
  8287 | D:7      | Noticed Menkaure
  8295 | D:7      | Killed Menkaure
  8643 | D:7      | Reached **** piety under Trog
  8643 | D:7      | Reached XP level 10. HP: 90/90 MP: 10/10
  8888 | D:7      | Found a flagged portal.
  8910 | Bailey   | Entered a bailey
  9180 | Bailey   | Noticed an orc knight
  9797 | Bailey   | Killed an orc knight
  9893 | Bailey   | Noticed an orc knight
  9893 | Bailey   | Noticed an orc knight
  9902 | Bailey   | Noticed an orc knight
  9903 | Bailey   | Killed an orc knight
  9904 | Bailey   | Noticed an orc knight
  9904 | Bailey   | Killed an orc knight
  9904 | Bailey   | Reached skill level 17 in Axes
  9911 | Bailey   | Mangled by an orc knight

Skill      XL: |  1  2  3  4  5  6  7  8  9 10 |
---------------+-------------------------------+-----
Axes           | 5 6 7 8 10 12 16 17 | 17.0
Fighting       | 8 9 |  9.5
Armour         | 6 7 8 |  8.5
Dodging        | |  1.5

Action                   |  1- 3 |  4- 6 |  7- 9 | 10-12 || total
-------------------------+-------+-------+-------+-------++-------
Melee: Hand axe          |   104 |   171 |   198 |       ||   473
       Battleaxe         |       |       |    76 |   113 ||   189
Invok: Berserk           |     1 |     3 |     3 |     7 ||    14
       Brothers in Arms  |       |       |       |     3 ||     3
       Trog's Hand       |       |       |       |     2 ||     2
Evoke: Wand              |       |       |       |     1 ||     1
  Use: Potion            |     1 |       |     9 |       ||    10
       Scroll            |       |       |     1 |       ||     1
 Stab: Distracted        |       |       |       |     1 ||     1
  Eat: Chunk             |     5 |    11 |    14 |     9 ||    39
       Fruit             |       |       |       |     3 ||     3
Armor: Animal skin       |    21 |       |       |       ||    21
       Ring mail         |     8 |    38 |    31 |       ||    77
       Plate armour      |       |       |   108 |    98 ||   206
       Skin              |       |       |    23 |       ||    23
Dodge: Dodged            |    63 |    83 |    90 |    67 ||   303
